 Dungeon Crawl Stone Soup version 0.19.5 (webtiles) character file.

82 JeffiDaFish the Shield-Bearer (level 4, -8/28 HPs)
             Began as a Gargoyle Fighter on Mar 9, 2017.
             Was an Initiate of Okawaru.
             Mangled by a wyvern zombie (9 damage)
             ... on level 3 of the Dungeon.
             The game lasted 00:05:01 (1716 turns).

JeffiDaFish the Shield-Bearer (Gargoyle Fighter)    Turns: 1716, Time: 00:05:02

Health: -8/28      AC: 11    Str: 20    XL:     4   Next: 43%
Magic:  4/4        EV:  7    Int:  8    God:    Okawaru [......]
Gold:   119        SH:  9    Dex: 10    Spells: 0 memorised, 3 levels left

rFire  . . .     SeeInvis .     a - +0 flail
rCold  + . .     Gourm    .     b - +0 scale mail
rNeg   + . .     Faith    .     c - +0 shield
rPois  ∞         Spirit   .     (no helmet)
rElec  +         Reflect  .     (no cloak)
rCorr  .         Harm     .     (no gloves)
MR     .....                    k - +0 pair of boots
Stlth  ..........               (no amulet)
                                (no ring)
                                e - ring of protection from cold

@: no status effects
A: negative energy resistance 1, electricity resistance, unbreathing,
petrification resistance, rot immunity, AC +3
a: Renounce Religion


You were on level 3 of the Dungeon.
You worshipped Okawaru.
Okawaru was noncommittal.
You were not hungry.

You visited 1 branch of the dungeon, and saw 3 of its levels.

You collected 119 gold pieces.

Inventory:

Hand Weapons
 a - a +0 flail (weapon)
Armour
 b - a +0 scale mail (worn)
 c - a +0 shield (worn)
 k - a +0 pair of boots (worn)
Jewellery
 e - a ring of protection from cold (left hand)
Scrolls
 j - a scroll of identify
Potions
 i - 2 potions of might
Comestibles
 d - a meat ration
 f - 2 bread rations
 g - 3 chunks of flesh
 h - a beef jerky


   Skills:
 + Level 3.5 Fighting
 + Level 3.1 Maces & Flails
 + Level 3.5 Armour
 + Level 0.5 Dodging
 + Level 0.2 Stealth
 + Level 4.1 Shields


You had 3 spell levels left.
You didn't know any spells.

Dungeon Overview and Level Annotations

Branches:
Dungeon (3/15)

Altars:
Okawaru


Innate Abilities, Weirdness & Mutations

You are resistant to torment.
Your stone body is resilient. (AC +3)
You are immune to poison.
You resist negative energy. (rN+)
You are resistant to electric shocks. (rElec)
You can survive without breathing.
You are immune to petrification.
You are immune to rotting.


Message History

You are too injured to fight recklessly!
You are too injured to fight recklessly!
You are too injured to fight recklessly!
You are too injured to fight recklessly!
You are too injured to fight recklessly!
You are too injured to fight recklessly!
You are too injured to fight recklessly!
You are too injured to fight recklessly!
You are too injured to fight recklessly!
You are too injured to fight recklessly!
You are too injured to fight recklessly!
You are too injured to fight recklessly!
You barely miss the wyvern zombie.
The wyvern zombie completely misses you.
The wyvern zombie bites you!
* * * LOW HITPOINT WARNING * * *
Okay, then.
Okay, then.
The wyvern zombie bites you!
You die...

###### #..... #.....
########### #.....
........Z@######.# #.....
#...#####........####.....
# ..#####.######..........
........................
..#####..#####.####.....
#.....# #.# ##.###
##.....###.# #.#
.............# #.#
#####...####.#####.##


You could see a wyvern zombie.

Vanquished Creatures
  2 adders
  An ooze (D:1)
  4 worms
  A dart slug (D:2)
  A leopard gecko (D:2)
  2 giant cockroaches
  6 goblins
  6 hobgoblins
  4 jackals (D:1)
  3 kobolds
  A quokka (D:3)
  7 bats
  A frilled lizard (D:1)
  2 rats
41 creatures vanquished.

Notes
Turn   | Place    | Note
-------+----------+-------------------------------------------
     0 | D:1      | JeffiDaFish the Gargoyle Fighter began the quest for the Orb.
     0 | D:1      | Reached XP level 1. HP: 14/14 MP: 1/1
   263 | D:1      | Reached XP level 2. HP: 17/19 MP: 2/2
   754 | D:1      | Reached skill level 4 in Shields
   754 | D:1      | Reached XP level 3. HP: 1/23 MP: 3/3
  1166 | D:2      | Found an iron altar of Okawaru.
  1205 | D:2      | Became a worshipper of Warmaster Okawaru
  1284 | D:2      | Reached XP level 4. HP: 25/28 MP: 4/4
  1714 | D:3      | HP: 1/28 [wyvern zombie (8)]
  1716 | D:3      | Mangled by a wyvern zombie

Skill      XL: |  1  2  3  4 |
---------------+-------------+-----
Shields        | 4 |  4.1
Maces & Flails | 3 |  3.1
Fighting       | |  3.5
Armour         | |  3.5
Dodging        | |  0.5
Stealth        | |  0.2

Action                   |  1- 3 |  4- 6 || total
-------------------------+-------+-------++-------
Melee: Flail             |   136 |    51 ||   187
  Use: Potion            |     4 |     1 ||     5
       Scroll            |     4 |     1 ||     5
  Eat: Chunk             |     1 |     2 ||     3
Armor: Scale mail        |   101 |    26 ||   127
Dodge: Dodged            |    46 |    20 ||    66
Block: Shield            |    78 |    22 ||   100
